 Dungeon Crawl Stone Soup version 0.20.0-15-g7f486f2 (webtiles) character file.

1729 KleinerIrrer the Spear-Bearer (level 9, -5/85 HPs)
             Began as a Naga Gladiator on June 28, 2017.
             Slain by an orc warrior
             ... wielding a +0 dire flail
              (17 damage)
             ... on level 6 of the Dungeon.
             The game lasted 00:15:37 (8453 turns).

KleinerIrrer the Spear-Bearer (Naga Gladiator)      Turns: 8453, Time: 00:15:37

Health: -5/85      AC: 20    Str: 17    XL:     9   Next: 5%
Magic:  8/8        EV: 14    Int: 12    God:
Gold:   349        SH:  0    Dex: 20    Spells: 8/8 levels left

rFire    . . .     SeeInvis +   F - +2 scythe (protect)
rCold    . . .     Gourm    .   (shield currently unavailable)
rNeg     . . .     Faith    .   o - +0 ring mail (curse)
rPois    +         Spirit   .   c - +0 helmet
rElec    .         Reflect  .   v - +0 cloak
rCorr    .         Harm     .   (no gloves)
MR       +....                  l - +0 naga barding
Stlth    ++........             (no amulet)
Regen    0.3/turn               u - +3 ring of intelligence
MPRegen  0.2/turn               (no ring)

@: agile, protection aura, hasted, quick
A: stinger 1, see invisible, deformed body, low mp 1, poison resistance, robust
1, slowness 2, slow metabolism 1, spit poison 2, AC +3
a: Breathe Poison Gas


You were on level 6 of the Dungeon.
You were not hungry.

You visited 1 branch of the dungeon, and saw 6 of its levels.

You collected 349 gold pieces.

Inventory:

Hand Weapons
 a - a +0 trident
 j - a +1 spear of piercing
 x - a +1 mace of holy wrath
 F - a +2 scythe of protection (weapon)
Missiles
 d - 3 throwing nets (quivered)
Armour
 b - a +0 leather armour
 c - a +0 helmet (worn)
 l - a +0 naga barding (worn)
 o - a cursed +0 ring mail (worn)
 v - a +0 cloak (worn)
 C - a +0 large shield
Jewellery
 u - a +3 ring of intelligence (left hand)
 G - an uncursed ring of stealth {unknown}
Wands
 t - a wand of random effects (23/48)
 y - a wand of iceblast (1/15)
Scrolls
 i - 4 scrolls of identify
 n - a scroll of immolation
 s - 2 scrolls of remove curse
 H - a scroll of amnesia {unknown}
Potions
 e - 2 potions of mutation
 g - a potion of resistance
 w - a potion of lignification
 B - a potion of curing
 D - a potion of flight {unknown}
Books
 m - a book of Minor Magic

   Spells                             Type                      Level
   a - Magic Dart                     Conjuration                  1
   b - Blink                          Translocation                2
   c - Call Imp                       Summoning                    2
   d - Slow                           Hexes                        2
   e - Conjure Flame                  Conjuration/Fire             3
   f - Mephitic Cloud                 Conjuration/Poison/Air       3
 r - a book of Minor Magic

   Spells                             Type                      Level
   a - Magic Dart                     Conjuration                  1
   b - Blink                          Translocation                2
   c - Call Imp                       Summoning                    2
   d - Slow                           Hexes                        2
   e - Conjure Flame                  Conjuration/Fire             3
   f - Mephitic Cloud                 Conjuration/Poison/Air       3
Comestibles
 f - 3 bread rations
 h - a meat ration
 k - 13 fruits
 A - 3 royal jellies


   Skills:
 + Level 4.1 Fighting
 * Level 9.5 Polearms
 - Level 1.8 Throwing
 + Level 3.3 Armour
 + Level 3.8 Dodging
 + Level 0.2 Evocations


You had 8 spell levels left.
You didn't know any spells.

Dungeon Overview and Level Annotations

Branches:
Dungeon (6/15)
 Temple: D:4-7

Altars:
Fedhas
Hepliaklqana
Kikubaaqudgha
Trog
Vehumet
Yredelemnul
Zin


Innate Abilities, Weirdness & Mutations

You cannot wear boots.
Your serpentine skin is tough. (AC +3)
You have supernaturally acute eyesight. (SInv)
Armour fits poorly on your strangely shaped body.
Your system is resistant to poisons. (rPois)
You cover ground very slowly.
You have a slow metabolism.
You can exhale a cloud of poison.
Your tail ends in a poisonous barb.
Your magical capacity is low. (-10% MP)
You are robust. (+10% HP)


Message History

The orc wizard hits you but does no damage.
You feel much better. The orc warrior barely misses you.
The orc wizard hits you but does no damage.
You barely miss the orc wizard.
The orc warrior hits you but does no damage.
The orc wizard hits you but does no damage.
All of the chunks of flesh in your inventory have rotted away.
You hit the orc wizard.
Your weapon exudes an aura of protection.
The orc wizard is lightly wounded.
The orc warrior hits you with a dire flail!
* * * LOW HITPOINT WARNING * * *
The orc wizard hits you but does no damage.
You feel agile all of a sudden. The orc warrior misses you.
The orc wizard misses you.
You hit the orc wizard.
The orc wizard is moderately wounded.
The orc wizard completely misses you.
The orc warrior hits you with a dire flail!
You die...

......# ........ #.#
......# #.....##. #.#
......# #........ ..#
......# #......# #
###.###########......#
#
#.............†....##
#
#############........
..........#.....
#########@# ....
......oo).(...#
#######........
#....#### .....#
#..... #....## ##....


You could see an orc warrior and an orc wizard (invisible).

Vanquished Creatures
  Sigmund (D:5)
  Menkaure (D:4)
  3 sky beasts
  3 ogres
  A bullfrog (D:5)
  2 scorpions (D:4)
  2 crimson imps (D:5)
  4 hounds
  2 orc priests
  6 orc wizards
  Terence (D:2)
  A worker ant (D:4)
  A hound zombie (D:5)
  A hound skeleton (D:6)
  Robin (D:3)
  6 gnolls
  9 adders
  An ooze (D:4)
  An adder skeleton (D:4)
  3 worms
  5 leopard geckos
  11 orcs
  7 bats
  4 giant cockroaches
  11 goblins
  17 hobgoblins
  3 jackals (D:3)
  6 quokkas
  A ball python (D:5)
  3 frilled lizards
  10 kobolds
  A quokka skeleton (D:4)
  9 rats
138 creatures vanquished.

Notes
Turn   | Place    | Note
-------+----------+-------------------------------------------
     0 | D:1      | KleinerIrrer the Naga Gladiator began the quest for the Orb.
     0 | D:1      | Reached XP level 1. HP: 19/19 MP: 1/1
   531 | D:1      | Reached XP level 2. HP: 19/26 MP: 2/2
  1479 | D:2      | Reached XP level 3. HP: 32/32 MP: 3/3
  2033 | D:2      | Reached skill level 4 in Polearms
  2176 | D:2      | Reached XP level 4. HP: 15/39 MP: 4/4
  2421 | D:2      | Noticed Terence
  2441 | D:2      | Killed Terence
  2647 | D:2      | Found a blossoming altar of Fedhas.
  2647 | D:2      | Found an ancient bone altar of Kikubaaqudgha.
  2708 | D:2      | Reached skill level 1 in Armour
  3038 | D:2      | Reached XP level 5. HP: 46/46 MP: 5/5
  3077 | D:3      | Found a bloodstained altar of Trog.
  3077 | D:3      | Found a glowing silver altar of Zin.
  3077 | D:3      | Found a basalt altar of Yredelemnul.
  3078 | D:3      | Found a hazy altar of Hepliaklqana.
  3506 | D:3      | Reached skill level 5 in Polearms
  3596 | D:3      | Noticed Robin
  3928 | D:3      | Killed Robin
  4655 | D:3      | Reached XP level 6. HP: 55/55 MP: 6/6
  5314 | D:4      | Noticed a sky beast
  5337 | D:4      | Killed a sky beast
  5337 | D:4      | Reached skill level 6 in Polearms
  5598 | D:4      | Found a radiant altar of Vehumet.
  5785 | D:4      | Noticed Menkaure
  5793 | D:4      | Gained mutation: Your magical capacity is low. (-10% MP) [potion of mutation]
  5793 | D:4      | Gained mutation: You are robust. (+10% HP) [potion of mutation]
  5793 | D:4      | Gained mutation: You can exhale a cloud of poison. [potion of mutation]
  5793 | D:4      | Gained mutation: Your tail ends in a poisonous barb. [potion of mutation]
  5802 | D:4      | Killed Menkaure
  5802 | D:4      | Reached XP level 7. HP: 55/67 MP: 6/6
  6145 | D:4      | Reached skill level 7 in Polearms
  6686 | D:5      | Entered Level 5 of the Dungeon
  6689 | D:5      | Reached XP level 8. HP: 75/75 MP: 7/7
  7042 | D:5      | Noticed Sigmund
  7064 | D:5      | Killed Sigmund
  7192 | D:5      | Reached skill level 8 in Polearms
  8243 | D:6      | Reached skill level 9 in Polearms
  8437 | D:6      | Reached XP level 9. HP: 44/85 MP: 8/8
  8448 | D:6      | HP: 1/85 [orc warrior/dire flail (20)]
  8453 | D:6      | Slain by an orc warrior

Skill      XL: |  1  2  3  4  5  6  7  8 |
---------------+-------------------------+-----
Polearms       | 4 5 6 7 9 |  9.5
Armour         | 1 2 3 |  3.3
Dodging        | 3 |  3.8
Fighting       | 3 4 |  4.1
Throwing       | |  1.8
Evocations     | |  0.2

Action                   |  1- 3 |  4- 6 |  7- 9 || total
-------------------------+-------+-------+-------++-------
Melee: Trident           |   158 |   283 |   104 ||   545
       Tailslap          |       |       |    25 ||    25
       Scythe            |       |       |    99 ||    99
 Abil: Breathe Poison Ga |       |       |     4 ||     4
Evoke: Wand              |       |     1 |     3 ||     4
  Use: Potion            |       |    10 |     4 ||    14
       Scroll            |       |     1 |     8 ||     9
 Stab: Sleeping          |       |     4 |       ||     4
       Distracted        |       |     1 |     1 ||     2
  Eat: Chunk             |     3 |     9 |     6 ||    18
       Bread ration      |       |       |     1 ||     1
Armor: Leather armour    |    32 |    66 |    52 ||   150
       Skin              |       |     6 |       ||     6
       Ring mail         |       |       |    46 ||    46
Dodge: Dodged            |    90 |   175 |   126 ||   391
